AoeStats
← _LY_抖音肥龙

Fortress

507492980Analyzed
4v4 RM · 13d ago on Sep 18, 2026· 55m 57s· 8 players
Game mode
Random Map
Map size
Huge
Population
200
Speed
Normal
Resources
Standard
Victory
Conquest
Starting age
Dark Age
Ending age
Imperial Age
RankedLock teamsTeams togetherTeam positionsShared explorationLock speedFull tech treeHidden civsTurbo modeCheats
Victory
Defeat
🇻🇳 Romans · Vietnam
1966
+8
🇺🇸 Tatars · United States
1902
+10
🇻🇳 Gurjaras · Vietnam
1884
+11
🇭🇰 Armenians · Hong Kong SAR China
1825
+13
🇩🇪 Italians · Germany
1848
-13
🇩🇪 Hindustanis · Germany
1747
-10
🇬🇧 Turks · United Kingdom
1746
-10
🇳🇱 Dravidians · Netherlands
1727
-9
_LY_抖音肥龙
6:54 Feudal Age
10:41 Castle Age
8:48 Double-Bit Axe
9:27 Horse Collar
13:01 Bow Saw
16:54 Wheelbarrow
18:23 Heavy Plow
19:21 Hand Cart
23:51 Imperial Age
21:07 Loom
21:43 Gold Mining
21:44 Stone Mining
23:25 Gold Shaft Mining
23:12 Fletching
24:05 Ballistics
23:49 Caravan
24:24 Bodkin Arrow
24:52 Conscription
24:48 Guilds
26:04 Chemistry
25:36 Bracer
25:37 Padded Archer Armor
25:41 Elite Composite Bowman
27:07 Masonry
27:13 Leather Archer Armor
26:51 Capped Ram
28:43 Ring Archer Armor
27:54 Siege Ram
30:16 Forging
30:06 Scale Mail Armor
30:17 Man-at-Arms
30:57 Squires
30:42 Gambesons
31:22 Fereters
31:05 Long Swordsman
32:02 Chain Mail Armor
32:23 Iron Casting
32:25 Hoardings
32:01 Town Watch
31:50 Two-Handed Swordsman
32:32 Champion
33:44 Plate Mail Armor
35:45 Murder Holes
Đam Mê Game
8:20 Feudal Age
11:42 Castle Age
9:59 Double-Bit Axe
10:16 Horse Collar
12:53 Bow Saw
16:51 Gold Mining
18:51 Wheelbarrow
19:59 Hand Cart
20:22 Gold Shaft Mining
21:21 Loom
25:17 Imperial Age
23:29 Caravan
24:36 Scale Barding Armor
24:52 Bloodlines
24:56 Forging
25:13 Husbandry
26:05 Chain Barding Armor
25:26 Heavy Camel Rider
27:29 Conscription
28:08 Plate Barding Armor
29:49 Iron Casting
29:25 Kshatriyas
30:28 Iron Casting
31:47 Coinage
32:17 Frontier Guards
35:08 Banking
36:05 Stone Mining
35:50 Light Cavalry
36:26 Hussar
40:08 Masonry
40:13 Fortified Wall
39:45 Treadmill Crane
41:10 Town Watch
42:28 Fletching
43:01 Ballistics
42:22 Siege Elephant
43:32 Bodkin Arrow
44:39 Chemistry
44:09 Architecture
44:24 Bracer
46:10 Hoardings
47:01 Heavy Plow
47:45 Stone Shaft Mining
49:22 Crop Rotation
Mr.Bean
8:02 Feudal Age
9:48 Double-Bit Axe
12:14 Castle Age
10:10 Horse Collar
13:11 Bow Saw
13:01 Heavy Plow
17:31 Wheelbarrow
19:11 Hand Cart
21:21 Town Watch
21:24 Loom
21:51 Gold Mining
21:51 Stone Mining
25:58 Imperial Age
24:29 Masonry
23:42 Pikeman
24:39 Caravan
25:19 Squires
25:20 Scale Mail Armor
25:30 Forging
26:46 Chain Mail Armor
26:09 Capped Ram
27:22 Conscription
26:52 Halberdier
27:12 Siege Ram
28:41 Siege Engineers
31:46 Coinage
32:27 Iron Casting
31:43 Fletching
31:53 Padded Archer Armor
32:16 Ballistics
32:57 Chemistry
31:40 Elite Centurion
32:48 Comitatenses
32:34 Scale Barding Armor
33:50 Bloodlines
33:40 Husbandry
34:41 Blast Furnace
34:42 Crop Rotation
35:40 Chain Barding Armor
38:56 Plate Barding Armor
38:39 Heavy Scorpion
40:19 Architecture
41:54 Architecture
NaiLiu
7:19 Feudal Age
11:13 Castle Age
9:30 Double-Bit Axe
9:55 Horse Collar
12:06 Bow Saw
17:35 Wheelbarrow
18:48 Heavy Plow
20:24 Hand Cart
20:50 Gold Mining
24:50 Imperial Age
22:31 Fletching
23:02 Ballistics
22:47 Padded Archer Armor
24:03 Gold Shaft Mining
23:34 Bodkin Arrow
24:39 Leather Archer Armor
24:26 Husbandry
24:39 Bloodlines
24:48 Silk Armor
24:49 Loom
25:37 Bracer
26:15 Masonry
27:30 Chemistry
27:38 Caravan
27:57 Heavy Cavalry Archer
29:13 Elite Skirmisher
30:12 Guilds
32:13 Coinage
33:03 Ring Archer Armor
33:05 Crop Rotation
33:01 Conscription
34:18 Onager
37:32 Siege Engineers
37:08 Treadmill Crane
45:18 Town Watch
47:34 Capped Ram
48:50 Timurid Siegecraft
49:19 Bombard Tower
52:30 Scale Barding Armor
52:36 Forging
55:03 Elite Keshik
Hisoka69
7:51 Feudal Age
11:43 Castle Age
9:29 Double-Bit Axe
10:58 Horse Collar
14:18 Bow Saw
19:17 Wheelbarrow
19:15 Gold Mining
23:25 Imperial Age
21:13 Heavy Plow
21:02 Loom
21:45 Scale Barding Armor
22:16 Forging
22:26 Husbandry
22:37 Bloodlines
23:17 Hand Cart
24:19 Town Watch
24:25 Fletching
26:24 Chain Barding Armor
25:55 Heavy Camel Rider
27:30 Iron Casting
27:12 Masonry
27:52 Plate Barding Armor
27:52 Conscription
28:06 Conscription
29:23 Two-Man Saw
29:00 Gold Shaft Mining
28:15 Stone Mining
29:40 Chemistry
30:10 Blast Furnace
29:39 Ballistics
29:47 Conscription
29:59 Grand Trunk Road
30:02 Bodkin Arrow
29:46 Imperial Camel Rider
30:46 Caravan
34:33 Bracer
38:46 Light Cavalry
44:57 Ballistics
46:40 Siege Elephant
48:33 Ballistics
48:25 Siege Engineers
52:14 Coinage
JustAGecko
7:29 Feudal Age
11:08 Castle Age
10:10 Double-Bit Axe
10:09 Horse Collar
16:28 Bow Saw
19:03 Wheelbarrow
19:33 Heavy Plow
21:02 Hand Cart
25:22 Imperial Age
22:39 Loom
23:12 Gold Mining
23:12 Stone Mining
23:51 Fortified Wall
26:00 Gold Shaft Mining
26:06 Artillery
25:35 Elite Janissary
27:22 Padded Archer Armor
28:42 Two-Man Saw
28:40 Leather Archer Armor
32:32 Caravan
34:18 Conscription
33:29 Sappers
34:54 Bloodlines
34:44 Husbandry
34:53 Scale Barding Armor
34:58 Forging
36:42 Chain Barding Armor
37:30 Ring Archer Armor
39:02 Plate Barding Armor
39:03 Iron Casting
39:40 Bombard Tower
41:10 Fletching
45:33 Town Watch
46:02 Guilds
46:16 Bodkin Arrow
47:22 Blast Furnace
48:01 Bracer
49:15 Heavy Camel Rider
Lauth3
7:11 Feudal Age
11:10 Castle Age
9:01 Horse Collar
9:29 Double-Bit Axe
12:15 Bow Saw
12:06 Heavy Plow
20:29 Wheelbarrow
20:24 Loom
25:04 Imperial Age
24:23 Thumb Ring
25:07 Ballistics
25:12 Fletching
25:22 Padded Archer Armor
25:38 Elite Elephant Archer
26:18 Bodkin Arrow
26:32 Medical Corps
27:29 Bracer
28:52 Chemistry
29:50 Leather Archer Armor
30:47 Caravan
32:08 Ring Archer Armor
37:14 Elite Skirmisher
45:07 Two-Man Saw
Valle
6:45 Feudal Age
7:56 Double-Bit Axe
10:41 Castle Age
8:40 Horse Collar
12:10 Bow Saw
13:35 Wheelbarrow
15:39 Loom
17:17 Fervor
17:38 Heavy Plow
19:43 Hand Cart
19:37 Stone Mining
20:40 Gold Mining
24:51 Imperial Age
22:19 Fletching
23:18 Stone Shaft Mining
22:46 Padded Archer Armor
23:07 Ballistics
22:58 Bodkin Arrow
24:09 Leather Archer Armor
25:28 Silk Road
25:03 Treadmill Crane
25:13 Town Watch
26:10 Conscription
25:54 Bracer
26:55 Chemistry
26:38 Caravan
27:10 Ring Archer Armor
27:33 Masonry
28:44 Elite Genoese Crossbowman
29:39 Scale Mail Armor
29:49 Forging
30:46 Architecture
30:30 Squires
30:16 Arson
31:34 Chain Mail Armor
31:54 Iron Casting
33:49 Plate Mail Armor
34:27 Iron Casting
38:54 Blast Furnace
38:22 Guilds
38:43 Coinage
42:47 Hoardings
44:10 Two-Man Saw
43:23 Town Patrol
46:53 Scale Barding Armor
49:10 Fortified Wall
51:26 Chain Barding Armor
53:51 Plate Barding Armor
53:52 Thumb Ring
54:55 Bloodlines
54:45 Husbandry
54:05 Light Cavalry
55:07 Hussar
Connection lost

Rejoining the realm…

Still unreachable

The connection could not be restored.

Session expired

The server has moved on; the page needs a fresh start.